Map: Bel'Shir Vestige LE (Void)

Players

Gemini

  • Race: Protoss Protoss
  • League: Master
  • Spawn Location: 11:00

A.I. 1 (Very Easy) - Winner!

  • Race: Terran Terran
  • Spawn Location: 5:00

VOD

https://www.youtube.com/watch?v=XPD3U2iMnuU&feature=youtu.be&t=241

Description

[/r/allthingsprotoss guide](https://www.reddit.com/r/allthingsprotoss/comments/5sifrq/build_of_the_week_pvt_stats_oracle_into/)

Time

  • Played on: Feb. 7, 2017, 7:32 p.m.
  • Length: 7:10
Show
View Real Time Build Order
Export as new Build Order

Gemini Protoss 

Build Orders: 1 Gate Expand, Oracle Opening, Phoenix Opening 

Get SALT Encoding   

  12  0:01  Probe (Chrono Boost)  
  13  0:11  Probe (Chrono Boost)  
  14  0:18  Pylon  
  14  0:22  Probe (Chrono Boost)  
  15  0:37  Gateway, Probe (Chrono Boost)  
  16  0:44  Assimilator  
  16  0:47  Probe (Chrono Boost)  
  17  0:58  Probe (Chrono Boost)  
  18  1:09  Probe (Chrono Boost)  
  19  1:21  Nexus  
  19  1:24  Probe (Chrono Boost)  
  20  1:34  Cybernetics Core  
  20  1:37  Probe (Chrono Boost)  
  21  1:43  Assimilator  
  21  1:48  Probe (Chrono Boost)  
  22  1:54  Pylon  
  22  1:58  Probe (Chrono Boost)  
  23  2:09  Adept  
  23  2:14  Probe (Chrono Boost)  
  26  2:20  Stargate  
  26  2:26  Probe (Chrono Boost)  
  26  2:28  Warp Gate  
  27  2:33  Adept  
  27  2:34  Probe (Chrono Boost)  
  29  2:38  Probe (Chrono Boost)  
  31  2:44  Probe (Chrono Boost)  
  31  2:50  Probe (Chrono Boost)  
  33  2:55  Probe (Chrono Boost)  
  34  2:59  Oracle  
  34  3:00  Adept  
  34  3:02  Probe (Chrono Boost)  
  41  3:05  Probe (Chrono Boost)  
  41  3:11  Pylon  
  41  3:14  Probe (Chrono Boost)  
  41  3:16  Probe (Chrono Boost)  
  43  3:26  Probe x2 (Chrono Boost)  
  45  3:32  Phoenix  
  45  3:37  Probe (Chrono Boost)  
  45  3:38  Probe (Chrono Boost)  
  49  3:41  Nexus  
  49  3:44  Pylon  
  49  3:48  Probe (Chrono Boost)  
  50  3:51  Probe (Chrono Boost)  
  51  3:58  Probe (Chrono Boost), Phoenix  
  54  4:04  Probe (Chrono Boost)  
  55  4:11  Gateway x2  
  55  4:12  Assimilator  
  55  4:14  Assimilator  
  55  4:15  Pylon  
  55  4:18  Probe (Chrono Boost)  
  55  4:19  Probe (Chrono Boost)  
  55  4:22  Phoenix  
  57  4:30  Pylon  
  62  4:31  Probe (Chrono Boost)  
  62  4:34  Mothership Core (Chrono Boost)  
  62  4:42  Probe (Chrono Boost)  
  62  4:43  Phoenix  
  63  4:52  Robotics Facility  
  67  4:53  Probe x2 (Chrono Boost)  
  67  4:58  Twilight Council, Forge  
  67  5:02  Probe (Chrono Boost)  
  67  5:03  Probe (Chrono Boost)  
  67  5:06  Probe (Chrono Boost)  
  70  5:09  Phoenix  
  70  5:12  Probe (Chrono Boost)  
  70  5:14  Probe (Chrono Boost)  
  74  5:18  Probe (Chrono Boost)  
  74  5:21  Resonating Glaives  
  75  5:23  Probe (Chrono Boost)  
  75  5:24  Probe (Chrono Boost)  
  77  5:30  Probe (Chrono Boost)  
  78  5:38  Gateway  
  78  5:40  Probe (Chrono Boost)  
  78  5:41  Gateway x2, Probe (Chrono Boost)  
  78  5:42  Observer  
  81  5:46  Gateway  
  81  5:48  Gateway  
  81  5:49  Sentry  
  83  5:50  Adept  
  83  5:54  Pylon  
  83  5:55  Probe (Chrono Boost)  
  88  5:57  Probe (Chrono Boost)  
  88  5:58  Probe (Chrono Boost)  
  88  6:00  Adept  
  88  6:04  Pylon  
  90  6:06  Assimilator  
  90  6:08  Immortal  
  92  6:13  Probe x2 (Chrono Boost)  
  92  6:14  Assimilator  
  96  6:18  Pylon  
  96  6:22  Probe (Chrono Boost)  
  96  6:24  Adept x3  
  96  6:25  Probe (Chrono Boost)  
  104  6:34  Pylon  
  104  6:39  Adept x2  
  108  6:45  Pylon x2  
  108  6:55  Adept x4  
  108  7:01  Pylon x2  
  116  7:07  Adept x2  
  116  7:08  Adept x2  
Show
View Real Time Build Order
Export as new Build Order

A.I. 1 (Very Easy) Terran - Winner!

Build Orders:  

Get SALT Encoding   

  12  0:00  SCV  
  13  0:13  SCV  
  14  0:19  Supply Depot  
  14  0:36  Refinery  
  14  0:45  Barracks  
  14  1:03  Supply Depot  
  14  1:12  Refinery  
  14  1:29  SCV  
  15  1:33  Marine  
  16  1:42  SCV  
  17  1:54  SCV  
  18  2:03  Marine  
  18  2:06  SCV  
  20  2:18  SCV  
  21  2:30  SCV  
  21  2:34  Marine  
  23  2:42  Orbital Command  
  23  4:03  SCV  
  23  5:41  SCV  
  23  5:42  Marine  
  25  5:43  Supply Depot  
  25  5:46  Factory  
  25  5:50  Command Center  
  25  5:59  SCV  
  25  6:11  SCV  
  26  6:16  Barracks Tech Lab, Supply Depot  
  26  6:23  SCV  
  27  6:32  Starport  
  27  6:37  Marauder  
Tags
 
Add a new tag
Caveats
  • Supply blocks, unpowered buildings, or Contaminate may cause inaccurate times.
  • Supply counts are checked every 10 seconds.